Map: Ulrena

Players

Iliad - Winner!

  • Race: Protoss Protoss
  • League: Platinum

Grumm

  • Race: Protoss Protoss
  • League: Gold

VOD

Have the link to the VOD?

Description

Time

  • Played on: Jan. 21, 2016, 12:13 p.m.
  • Length: 3:43
Show
View Real Time Build Order
Export as new Build Order

Iliad Protoss - Winner!

Build Orders: Cannon Rush 

Get SALT Encoding   

  12  0:01  Probe (Chrono Boost)  
  13  0:11  Probe (Chrono Boost)  
  14  0:22  Probe (Chrono Boost)  
  14  0:23  Pylon  
  15  0:41  Probe (Chrono Boost)  
  16  0:45  Assimilator  
  16  0:48  Forge  
  16  0:52  Probe (Chrono Boost)  
  17  1:03  Pylon  
  17  1:17  Pylon  
  17  1:19  Pylon  
  17  1:28  Photon Cannon  
  17  1:32  Pylon  
  17  1:42  Photon Cannon  
  17  1:50  Pylon  
  17  1:55  Photon Cannon  
  17  2:08  Photon Cannon  
  17  2:12  Photon Cannon  
  17  2:16  Pylon  
  17  2:42  Photon Cannon  
  17  2:44  Photon Cannon  
  17  2:47  Photon Cannon  
  17  2:52  Pylon  
  17  3:10  Photon Cannon  
  17  3:19  Photon Cannon  
  17  3:22  Photon Cannon  
Show
View Real Time Build Order
Export as new Build Order

Grumm Protoss 

Build Orders:  

Get SALT Encoding   

  12  0:01  Probe (Chrono Boost)  
  13  0:12  Probe (Chrono Boost)  
  14  0:20  Pylon  
  14  0:22  Probe (Chrono Boost)  
  15  0:29  Assimilator  
  15  0:40  Gateway  
  15  0:44  Probe (Chrono Boost)  
  16  0:56  Gateway  
  16  0:58  Probe (Chrono Boost)  
  17  1:13  Pylon  
  17  1:27  Zealot (Chrono Boost)  
  19  1:53  Zealot (Chrono Boost)  
  21  2:04  Zealot (Chrono Boost)  
  19  2:10  Forge  
  19  2:15  Probe  
  20  2:27  Probe  
  20  2:28  Pylon  
  21  2:47  Photon Cannon  
  19  3:01  Probe  
  19  3:03  Photon Cannon  
  20  3:10  Pylon  
  17  3:24  Photon Cannon  
  17  3:26  Probe  
  17  3:27  Pylon  
Tags
 
Matchup
PvP
Replay Pack
sc2 replays 2016
Add a new tag
Caveats
  • Supply blocks, unpowered buildings, or Contaminate may cause inaccurate times.
  • Supply counts are checked every 10 seconds.